 Dungeon Crawl Stone Soup version 0.21-a0-507-ga8f6b7a (webtiles) character file.

124 slep the Poker (level 4, 0/37 HPs)
             Began as a Demonspawn Monk on Nov 27, 2017.
             Slain by an orc
             ... wielding a +0 falchion
              (5 damage)
             ... on level 3 of the Dungeon on Nov 28, 2017.
             The game lasted 00:08:49 (2047 turns).

slep the Poker (Demonspawn Monk)                    Turns: 2047, Time: 00:08:50

Health: 0/37       AC:  6    Str: 12    XL:     4   Next: 81%
Magic:  0/4        EV: 10    Int: 12    God:
Gold:   131        SH:  0    Dex: 15    Spells: 3/3 levels left

rFire    . . .     SeeInvis .   a - +0 spear
rCold    . . .     Gourm    +   (no shield)
rNeg     + . .     Faith    .   z - +0 scale mail
rPois    +         Spirit   +   (no helmet)
rElec    .         Reflect  .   (no cloak)
rCorr    .         Harm     .   (no gloves)
MR       .....                  (no boots)
Stlth    +.........             v - amulet of the gourmand
HPRegen  0.12/turn              o - ring of positive energy
MPRegen  0.09/turn              D - ring of poison resistance

@: no status effects
A: magic shield
a: no special abilities


You were on level 3 of the Dungeon.
You were not hungry.

You visited 1 branch of the dungeon, and saw 3 of its levels.

You collected 131 gold pieces.

Inventory:

Hand Weapons
 a - a +0 spear (weapon)
Armour
 b - a +0 robe
 z - a +0 scale mail (worn)
Jewellery
 h - an uncursed amulet of rage
 o - a ring of positive energy (left hand)
 v - an amulet of the gourmand (around neck)
 A - an uncursed ring of flight
 D - a ring of poison resistance (right hand)
Wands
 u - a wand of acid (7)
Scrolls
 d - 5 scrolls of identify {unknown}
 f - a scroll of immolation {unknown}
 i - 3 scrolls of fear {unknown}
 j - a scroll of blinking {unknown}
 k - a scroll of enchant weapon {unknown}
 n - 2 scrolls of noise {unknown}
 p - 2 scrolls of teleportation {unknown}
 s - 3 scrolls of remove curse {unknown}
 t - a scroll of magic mapping {unknown}
 y - a scroll of random uselessness {unknown}
Potions
 e - a potion of heal wounds {unknown}
 g - a potion of degeneration {unknown}
 l - 2 potions of brilliance {unknown}
 q - 2 potions of lignification {unknown}
 r - a potion of flight {unknown}
 w - a potion of agility {unknown}
 B - a potion of curing {unknown}
Comestibles
 c - 5 bread rations
 m - 2 royal jellies
 x - 6 fruits
 C - a meat ration


   Skills:
 + Level 3.7 Fighting
 + Level 3.8 Polearms
 + Level 0.8 Armour
 + Level 3.3 Dodging
 + Level 2.2 Stealth


You had 3 spell levels left.
You didn't know any spells.

Dungeon Overview and Level Annotations

Branches:
Dungeon (3/15)

Altars:
Dithmenos


Innate Abilities, Weirdness & Mutations

When hurt, damage is shared between your health and your magic reserves.


Message History

The orc closely misses you.
You closely miss the orc.
The orc is heavily wounded.
The orc closely misses you.
You hit the orc.
The orc is heavily wounded.
You hit the orc but do no damage.
The orc is heavily wounded.
The orc hits you with a falchion!
* * * LOW HITPOINT WARNING * * *
You hit the orc but do no damage.
The orc is heavily wounded.
The orc hits you but does no damage.
You hit the orc but do no damage.
The orc is heavily wounded.
The orc hits you but does no damage.
You hit the orc but do no damage.
The orc is heavily wounded.
The orc hits you with a falchion.
You die...

....####.# ##.## ... .
####.########.## #..
#.............# #
....####.##.########.##
#...#.........#########.##
#.#.######................
... .........###########.
#)######....# #.
#..[..o@....# ##
#..#######.># ## #..#
#....# #. ..... #.#.## #.
..#.## #.#.# #. ....#.
#.#.# #. ... #. #.#.# #.
.## #. #.#.############.
..#..............


You could see an orc.

Vanquished Creatures
  Jessica (D:2)
  An orc wizard (D:3)
  An adder (D:2)
  4 dart slugs
  2 leopard geckos
  An orc (D:3)
  2 giant cockroaches
  4 goblins
  11 hobgoblins
  A ball python (D:2)
  6 bats (D:1)
  5 frilled lizards
  9 kobolds
  5 rats
53 creatures vanquished.

Notes
Turn   | Place    | Note
-------+----------+-------------------------------------------
     0 | D:1      | slep the Demonspawn Monk began the quest for the Orb.
     0 | D:1      | Reached XP level 1. HP: 18/18 MP: 1/1
    84 | D:1      | Gained mutation: When hurt, damage is shared between your health and your magic reserves. [demonic ancestry]
    84 | D:1      | Reached XP level 2. HP: 20/24 MP: 2/2
   298 | D:1      | HP: 1/24 [hobgoblin/club (6)]
   301 | D:1      | Reached XP level 3. HP: 2/29 MP: 1/3
  1389 | D:2      | Noticed Jessica
  1395 | D:2      | Killed Jessica
  1395 | D:2      | Reached XP level 4. HP: 24/37 MP: 4/4
  1858 | D:3      | Found a shadowy altar of Dithmenos.
  2047 | D:3      | Slain by an orc

Vault maps used:
D:1:      scummos_arrival_simple_fountains
D:2:      first_bread, kennysheep_generic_room_3, uniq_jessica
D:3:      grunt_dithmenos_smoke, old_standard_altar

Skill      XL: |  1  2  3 |
---------------+----------+-----
Dodging        | 3 |  3.3
Polearms       | 3 |  3.8
Stealth        | 2 |  2.2
Fighting       | |  3.7
Armour         | |  0.8

Action                   |  1- 3 |  4- 6 || total
-------------------------+-------+-------++-------
Melee: Spear             |   166 |   110 ||   276
 Stab: Sleeping          |     6 |       ||     6
  Eat: Chunk             |     5 |     5 ||    10
Armor: Robe              |    21 |       ||    21
       Scale mail        |    11 |    31 ||    42
Dodge: Dodged            |    81 |    45 ||   126

Table legend:
 A = Spawn XP
 B = Non-spawn XP
 C = Spawn XP percentage of total XP
 D = Spawn monster count
 E = Non-spawn monster count
 F = Spawn count percentage of total count
 G = Total turns spent on level
                    A         B        C        D         E        F      G
               +---------+---------+-------+---------+---------+-------+---------
         Total |       0 |     178 |   0.0 |       0 |      53 |   0.0 |  2047
               +---------+---------+-------+---------+---------+-------+---------
           D:1 |       0 |      53 |   0.0 |       0 |      29 |   0.0 |   936
           D:2 |       0 |      66 |   0.0 |       0 |      11 |   0.0 |   589
           D:3 |       0 |      59 |   0.0 |       0 |      13 |   0.0 |   522
               +---------+---------+-------+---------+---------+-------+---------
